Map: Berlingrad LE

Players

A.I. 1 (Medium)

  • Race: Terran Terran
  • Spawn Location: 11:00

Gouda - Winner!

  • Race: Zerg Zerg
  • League: Platinum
  • Spawn Location: 5:00

VOD

Have the link to the VOD?

Description

Time

  • Played on: June 17, 2022, 5:40 p.m.
  • Length: 12:43
Show
View Real Time Build Order
Export as new Build Order

A.I. 1 (Medium) Terran 

Build Orders:  

Get SALT Encoding   

  12  0:00  SCV  
  13  0:13  SCV  
  14  0:18  Supply Depot  
  14  0:25  SCV  
  15  0:39  SCV  
  16  0:43  Barracks  
  16  0:48  Refinery  
  16  0:51  SCV  
  17  1:03  SCV  
  18  1:16  Supply Depot  
  18  1:30  Marine  
  18  1:31  Barracks, Orbital Command  
  19  1:41  Refinery  
  19  1:48  Barracks Tech Lab  
  19  2:06  Marine  
  19  2:07  Factory  
  20  2:19  Marine  
  21  2:22  Supply Depot  
  21  2:32  Marine  
  22  2:45  Marine  
  23  2:58  Marine  
  24  3:00  Supply Depot  
  24  3:10  SCV  
  24  3:11  Marine  
  26  3:22  SCV  
  26  3:23  Engineering Bay, Marine  
  28  3:35  SCV  
  29  3:42  Marauder  
  29  3:47  SCV  
  32  3:50  Hellion  
  32  3:51  Supply Depot  
  34  3:59  SCV  
  35  4:03  Marauder  
  37  4:11  SCV  
  37  4:15  Hellion  
  40  4:37  Hellion  
  42  6:03  SCV  
  42  6:43  Barracks Tech Lab, Marine  
  42  6:46  Factory  
  43  6:49  Starport, SCV  
  43  6:50  Factory Tech Lab  
  43  6:52  Command Center  
  43  6:54  Missile Turret  
  38  6:56  Ghost Academy  
  38  6:57  Missile Turret  
  27  7:01  Sensor Tower, Marine  
  27  7:04  Armory  
  27  7:05  Marauder  
  27  7:09  Supply Depot  
  27  7:12  Hellion  
  28  7:18  Barracks  
  28  7:20  Marine  
  28  7:22  Bunker  
  28  7:26  Starport Tech Lab  
  28  7:30  Factory Tech Lab  
  28  7:33  Hellion  
  28  7:36  Marine  
  23  7:44  Viking  
  23  7:53  Marine  
  21  8:01  Marine  
  18  8:07  SCV  
  18  8:08  Factory Tech Lab  
  15  8:16  Hellion  
  15  8:19  SCV  
  12  8:24  Marine  
  9  8:31  SCV  
  9  8:33  Marine  
  7  8:42  Marine  
  7  8:43  Command Center  
  7  8:44  SCV  
  8  8:54  Marine  
  8  8:55  Starport  
  9  8:56  SCV  
  9  9:01  Barracks Tech Lab  
  10  9:12  Marine  
  11  9:19  Marine  
  12  9:37  Marauder  
  14  9:39  Viking  
  16  9:48  SCV  
  17  10:00  SCV  
  17  10:01  SCV  
  17  10:02  Barracks Tech Lab  
  19  10:12  SCV  
  19  10:13  SCV  
  21  10:24  SCV  
  21  10:25  SCV  
  23  10:36  SCV  
  23  10:39  Factory  
  23  10:41  SCV  
  25  10:48  SCV  
  26  10:54  SCV  
  26  11:00  SCV  
  27  11:08  Siege Tank  
  30  11:13  SCV  
  30  11:17  Marine  
  15  12:05  SCV  
Show
View Real Time Build Order
Export as new Build Order

Gouda Zerg - Winner!

Build Orders: Pool First, Roach Hydra 

Get SALT Encoding   

  12  0:01  Drone  
  13  0:12  Overlord  
  13  0:18  Drone  
  14  0:31  Drone x2  
  16  0:38  Drone  
  17  0:46  Spawning Pool  
  16  0:51  Drone  
  17  1:10  Hatchery  
  16  1:16  Extractor  
  15  1:20  Drone  
  15  1:21  Drone x2  
  18  1:32  Queen  
  20  1:41  Overlord  
  20  1:53  Drone x2  
  22  2:05  Zergling x2  
  23  2:16  Zergling x2  
  24  2:24  Metabolic Boost  
  24  2:28  Queen  
  26  2:33  Zergling x6  
  29  2:38  Overlord  
  29  2:42  Drone x3  
  32  2:56  Roach Warren  
  31  3:00  Overlord  
  31  3:04  Drone x3  
  34  3:13  Queen  
  34  3:14  Drone  
  34  3:15  Drone  
  38  3:35  Hatchery  
  38  3:39  Overlord  
  37  3:49  Lair  
  37  3:59  Evolution Chamber  
  37  4:01  Extractor  
  35  4:03  Extractor  
  35  4:05  Evolution Chamber  
  33  4:20  Drone x5  
  33  4:21  Drone x7  
  45  4:26  Zerg Missile Weapons Level 1  
  45  4:44  Drone  
  45  4:45  Drone x5  
  51  4:52  Zerg Ground Armor Level 1  
  51  4:58  Queen  
  53  5:07  Spore Crawler  
  52  5:08  Spore Crawler  
  52  5:10  Drone  
  52  5:11  Drone  
  52  5:12  Drone x2  
  55  5:15  Overlord  
  55  5:26  Glial Reconstitution  
  55  5:28  Overlord  
  55  5:29  Overlord  
  55  5:44  Roach x5  
  55  5:47  Roach x3  
  55  5:48  Drone  
  72  5:50  Drone  
  73  6:18  Roach  
  73  6:19  Overlord, Roach x3  
  73  6:20  Overlord x5  
  73  6:21  Drone  
  73  6:24  Zerg Missile Weapons Level 2  
  82  6:50  Zerg Ground Armor Level 2  
  82  6:53  Hatchery  
  76  6:58  Drone x6  
  76  6:59  Drone x3  
  76  7:00  Drone  
  76  7:01  Drone x3  
  87  7:10  Extractor  
  87  7:13  Extractor  
  85  7:27  Roach x11  
  107  7:41  Infestation Pit  
  107  7:43  Hydralisk Den  
  105  7:50  Drone x9  
  114  7:54  Extractor  
  114  7:55  Extractor, Spore Crawler  
  111  8:17  Hydralisk x3  
  111  8:18  Hydralisk x6  
  111  8:19  Hydralisk  
  131  8:29  Queen  
  131  8:31  Drone x3  
  136  8:43  Hive  
  136  8:46  Grooved Spines  
  136  9:39  Overlord x5  
  136  9:40  Overlord x2  
  136  9:43  Hatchery  
  136  9:44  Hatchery  
  134  9:51  Drone x2  
  136  9:55  Hatchery  
  136  9:58  Muscular Augments  
  135  10:18  Drone x7  
  135  10:19  Overlord x2, Drone x2  
  135  10:20  Overlord  
  144  10:22  Hydralisk x18  
  180  10:28  Spire  
  180  10:35  Ultralisk Cavern  
  178  10:38  Extractor  
  178  10:39  Drone x3  
  180  10:55  Queen  
  182  10:57  Queen  
  184  11:20  Queen  
  184  11:23  Drone x6  
  192  11:26  Extractor  
  192  11:28  Extractor, Drone x6  
  192  11:30  Drone x2  
  192  11:32  Hydralisk  
Tags
 
Composition
Roach Hydra
League
Platinum
Matchup
TvZ
Opening
Pool First
Spawn Locations
Cross Positions
Add a new tag
Caveats
  • Supply blocks, unpowered buildings, or Contaminate may cause inaccurate times.
  • Supply counts are checked every 10 seconds.